 Dungeon Sprint DCSS version 0.31-a0-931-g7b59d4eb97 (webtiles) character file.

Game seed: 14411574342992236214

4 rocky1 the Ducker (level 1, 0/15 HPs)
             Began as a Djinni Earth Elementalist on Oct 20, 2023.
             Slain by a scorpion (1 damage)
             ... in the Dungeon (Sprint IX: "|||||||||||||||||||||||||||||").
             The game lasted 00:00:23 (248 turns).

rocky1 the Ducker (Djinni Earth Elementalist)        Turns: 248, Time: 00:00:23

Health: 0/15       AC:  2    Str:  7    XL:     1   Next: 77%
Gold:   0          EV: 13    Int: 16    God:
                   SH:  0    Dex: 13

rFire   + + .        (no weapon)
rCold   x . .        (no shield)
rNeg    . . .        a - +0 robe
rPois   ∞            (no helmet)
rElec   .            (no cloak)
rCorr   .            (no gloves)
SInv    .            (boots unavailable)
Will    .....        (no amulet)
Stlth   ++           (no ring)
HPRegen 0.22/turn    (no ring)
MPRegen 0.00/turn

%: no teleportation, infuse magic (-1 HP)
@: flying
A: sickness immunity, fire resistance 2, cold vulnerability 1, float, innate
caster, HP casting, extra vitality 1
a: no special abilities


You were in the Dungeon.
You visited 1 branch

Inventory:

Armour
 a - a +0 robe (worn)
Scrolls
 f - a scroll of blinking
Potions
 b - a potion of curing
 c - a potion of heal wounds
 d - a potion of haste
 e - a potion of berserk rage


   Skills:
 + Level 3.4 Dodging
 - Level 2.3 Stealth
 * Level 3.1 Spellcasting
 * Level 3.1 Conjurations
 * Level 3.1 Hexes
 * Level 3.1 Summonings
 * Level 3.1 Necromancy
 * Level 3.1 Translocations
 * Level 3.1 Transmutations
 * Level 3.1 Fire Magic
 * Level 3.1 Ice Magic
 * Level 3.1 Air Magic
 * Level 3.1 Earth Magic
 * Level 3.1 Poison Magic


You knew the following spells:

 Your Spells              Type           Power      Damage    Failure   Level
a - Sandblast             Erth           24%        2d8       5%          1
b - Passwall              Tmut/Erth      10%        N/A       8%          2
c - Stone Arrow           Conj/Erth      24%        3d8       16%         3
d - Petrify               Tmut/Erth      12%        N/A       45%         4
e - Brom's Barrelling Bo  Conj/Erth      12%        2d4       45%         4
Your spell library was empty.

Dungeon Overview and Level Annotations

Branches:
Dungeon (1/1)

Altars:


Innate Abilities, Weirdness & Mutations

You are immune to sickness and miasma.
You are immune to poison.
Your flesh is very heat resistant. (rF++)
You are vulnerable to cold. (rC-)
You float through the air rather than walking.
You learn spells naturally, not from books.
Your magical power is your life essence.
You have superior vitality. (+4 MHP)


Message History

The blast of sand hits the scorpion but does no damage.
The water moccasin hisses angrily.
The orc shouts!
The scorpion stings you.
Aiming: Sandblast (safe; 5% risk of failure)
Press: ? - help, Q - select action, (/) - cycle Shift-Dir - straight line, f/p - scorpion
Aim: a scorpion (82% to hit)
The blast of sand misses the scorpion.
The blast of sand hits the water moccasin!
The water moccasin is moderately wounded.
The adder hisses angrily.
The scorpion misses you. The scorpion barely misses you.
Aiming: Sandblast (safe; 5% risk of failure)
Press: ? - help, Q - select action, (/) - cycle Shift-Dir - straight line, f/p - scorpion
Aim: a scorpion (82% to hit)
The blast of sand misses the scorpion.
The blast of sand misses the water moccasin.
The blast of sand misses the adder.
The blast of sand hits the ogre!
The ogre is moderately wounded.
The scorpion stings you.
Aiming: Sandblast (safe; 5% risk of failure)
Press: ? - help, Q - select action, (/) - cycle Shift-Dir - straight line, f/p - scorpion
Aim: a scorpion (82% to hit)
The blast of sand hits the scorpion.
The scorpion is moderately wounded.
The scorpion closely misses you. The scorpion completely misses you.
Aiming: Sandblast (safe; 5% risk of failure)
Press: ? - help, Q - select action, (/) - cycle Shift-Dir - straight line, f/p - scorpion
Aim: a scorpion (moderately wounded, 82% to hit)
The blast of sand hits the scorpion.
The scorpion is heavily wounded.
The scorpion closely misses you. The scorpion stings you.
* * * LOW HITPOINT WARNING * * *
Aiming: Sandblast (safe; 5% risk of failure)
Press: ? - help, Q - select action, (/) - cycle Shift-Dir - straight line, f/p - scorpion
Aim: a scorpion (heavily wounded, 82% to hit)
The blast of sand hits the scorpion but does no damage.
The scorpion is heavily wounded.
* * * LOW HITPOINT WARNING * * *
The scorpion stings you.
You die...

▓+▓
▓.▓
▓o▓
▓O▓
▓S▓
▓S▓
▓s▓
▓@▓
▓.▓
▓.▓
▓)▓
▓)▓
▓'▓
▓.▓
▓.▓
▓.▓


You could see a water moccasin, an ogre, a scorpion, an adder and an orc.

Vanquished Creatures
  2 endoplasms (D)
  A goblin (D)
  2 kobolds (D)
5 creatures vanquished.

Notes
Turn   | Place    | Note
-------+----------+-------------------------------------------
     0 | D        | rocky1 the Djinni Earth Elementalist began the quest for
                  | the Orb.
     0 | D        | rocky1 set off with the following spells memorised:
                  | Sandblast, Passwall, Stone Arrow, Petrify, Brom's
                  | Barrelling Boulder.
     0 | D        | Reached XP level 1. HP: 15/15 MP: 0/0
   242 | D        | Noticed an ogre
   242 | D        | Noticed a water moccasin
   242 | D        | Noticed a scorpion
   248 | D        | Slain by a scorpion

Illustrated notes

Levels and vault maps discovered:
D:        linesprint [early_d, line_temple, items_1, d_10, items_2, lair_1,
          lair_end, items_3, orc_1, orc_end, items_4, d_15, swamp_1, shoals_1,
          snake_1, spider_1, d_20, vaults_1, items_5, swamp_end, shoals_end,
          snake_end, spider_end, vaults_end, d_27, items_6, zot_1, zot_end,
          crypt_end, forest_end, elf_end, slime_end, tomb_end, abyss_end,
          pan_hell_end]

Skill      XL: |  1 |
---------------+----+-----
Spellcasting   | |  3.1
Conjurations   | |  3.1
Hexes          | |  3.1
Summonings     | |  3.1
Necromancy     | |  3.1
Translocations | |  3.1
Transmutations | |  3.1
Fire Magic     | |  3.1
Ice Magic      | |  3.1
Air Magic      | |  3.1
Earth Magic    | |  3.1
Poison Magic   | |  3.1
Stealth        | 2 |  2.3
Dodging        | 3 |  3.4

Action                     || total
---------------------------++-------
   Cast: Sandblast         ||    11
 Armour: Robe              ||     6
  Dodge: Dodged            ||     6

Table legend: (Time is in decaauts)
 A = Elapsed time spent in this place.
 B = Non-inter-level travel time spent in this place.
 C = Inter-level travel time spent in this place.
 D = Time resting spent in this place.
 E = Time spent auto-exploring this place.
 F = Levels seen in this place.
 G = Mean time per level.
                   A        B        C        D        E       F      G
               +--------+--------+--------+--------+--------+-----+--------+
         Total |    253 |    253 |      0 |    226 |      0 |   1 |  253.0 |
       Dungeon |    253 |    253 |      0 |    226 |      0 |   1 |  253.0 |
               +--------+--------+--------+--------+--------+-----+--------+

Top non-repeatable levels by time:
       D: 253 daAuts
